 Dungeon Crawl Stone Soup version 0.20.0-15-g7f486f2 (webtiles) character file.

68 Chiseanne the Magician (level 4, 30/30 HPs)
             Began as a Demonspawn Wizard on June 15, 2017.
             Quit the game on level 2 of the Dungeon.
             The game lasted 00:05:11 (2195 turns).

Chiseanne the Magician (Demonspawn Wizard)          Turns: 2195, Time: 00:05:12

Health: 30/30      AC:  2    Str:  8    XL:     4   Next: 1%
Magic:  7/9        EV: 12    Int: 20    God:
Gold:   120        SH:  0    Dex: 11    Spells: 1/10 levels left

rFire    . . .     SeeInvis .   l - +0 short sword
rCold    . . .     Gourm    .   (no shield)
rNeg     . . .     Faith    +   a - +0 robe
rPois    .         Spirit   .   (helmet restricted)
rElec    .         Reflect  .   (no cloak)
rCorr    .         Harm     .   (no gloves)
MR       .....                  (no boots)
Stlth    ++........             i - amulet of faith
Regen    0.1/turn               (no ring)
MPRegen  0.2/turn               (no ring)

@: no status effects
A: antennae 1, sturdy frame 1
a: no special abilities


You were on level 2 of the Dungeon.
You were not hungry.

You visited 1 branch of the dungeon, and saw 2 of its levels.

You collected 120 gold pieces.

Inventory:

Hand Weapons
 l - a +0 short sword (weapon)
Missiles
 g - 18 bolts
 k - 79 stones (quivered)
Armour
 a - a +0 robe (worn)
 b - a +0 hat
 m - a +0 helmet
Jewellery
 i - an amulet of faith (around neck)
 p - an uncursed ring of protection from fire {unknown}
Scrolls
 e - a scroll of identify
 n - a scroll of teleportation {unknown}
Potions
 f - 2 potions of agility
 h - a potion of might
 j - a potion of brilliance {unknown}
Books
 c - a book of Minor Magic

   Spells                             Type                      Level
   a - Magic Dart                     Conjuration                  1
   b - Blink                          Translocation                2
   c - Call Imp                       Summoning                    2
   d - Slow                           Hexes                        2
   e - Conjure Flame                  Conjuration/Fire             3
   f - Mephitic Cloud                 Conjuration/Poison/Air       3
Comestibles
 d - 2 bread rations
 o - a chunk of flesh


   Skills:
 - Level 1.7 Dodging
 - Level 1.7 Stealth
 * Level 3.8 Spellcasting
 * Level 2.9 Conjurations
   Level 1.0 Summonings
 - Level 0.8 Translocations


You had one spell level left.
You knew the following spells:

 Your Spells              Type           Power        Failure   Level  Hunger
a - Magic Dart            Conj           ###.         4%          1    None
b - Blink                 Tloc           N/A          14%         2    ##.....
c - Conjure Flame         Conj/Fire      #.......     22%         3    ###....
d - Mephitic Cloud        Conj/Pois/Air  #.......     26%         3    ###....


Dungeon Overview and Level Annotations

Branches:
Dungeon (2/15)

Altars:
Trog
Vehumet

Annotations:
D:2 1 exclusion


Innate Abilities, Weirdness & Mutations

You have a pair of small antennae on your head.
Your movements are slightly less encumbered by armour. (ER -2)


Message History

Okay, then.
Found a potion of agility.
p - a jade ring You see here a club.
f - 2 potions of agility (gained 1)
A jackal comes into view.
Casting: Magic Dart
Confirm with . or Enter, or press ? or * to list all spells.
Aiming: Magic Dart
Press: ? - help, Shift-Dir - straight line, f - jackal
Aim: a jackal (resting)
The magic dart hits the jackal.
You kill the jackal!
You have reached level 4!
You feel stronger.
Your demonic ancestry asserts itself...
A pair of antennae grows on your head!
Your +0 helmet falls away!
You hear a bark! x2
A jackal comes into view.
Are you sure you want to abandon this character and quit the game? (Confirm with "yes".)

# .# ###h #.. #.# #@# #.#
#.# #.####### ## #.......#
#####.... ####.##.#.#
####.....:._ #.........#
.....###.... #..#..#####.
###############.#.........


You could see a jackal.

Vanquished Creatures
  Robin (D:2)
  An adder (D:2)
  A worm (D:2)
  A leopard gecko (D:1)
  15 goblins
  6 hobgoblins
  2 jackals
  4 bats
  2 frilled lizards (D:1)
  4 kobolds
  3 rats
40 creatures vanquished.

Vanquished Creatures (others)
  A worm (D:2)
  A rat (D:2)
2 creatures vanquished.

Grand Total: 42 creatures vanquished

Notes
Turn   | Place    | Note
-------+----------+-------------------------------------------
     0 | D:1      | Chiseanne the Demonspawn Wizard began the quest for the Orb.
     0 | D:1      | Reached XP level 1. HP: 13/13 MP: 4/4
   175 | D:1      | Gained mutation: Your movements are slightly less encumbered by armour. (ER -2) [demonic ancestry]
   175 | D:1      | Reached XP level 2. HP: 19/19 MP: 1/6
  1018 | D:2      | Found a radiant altar of Vehumet.
  1510 | D:2      | Reached XP level 3. HP: 24/24 MP: 3/7
  1912 | D:2      | Noticed Robin
  1979 | D:2      | Learned a level 2 spell: Blink
  1983 | D:2      | Learned a level 3 spell: Conjure Flame
  1987 | D:2      | Learned a level 3 spell: Mephitic Cloud
  1999 | D:2      | Killed Robin
  2129 | D:2      | Found a bloodstained altar of Trog.
  2194 | D:2      | Gained mutation: You have a pair of small antennae on your head. [demonic ancestry]
  2194 | D:2      | Reached XP level 4. HP: 30/30 MP: 7/9
  2195 | D:2      | Quit the game

Skill      XL: |  1  2 |
---------------+-------+-----
Conjurations   | 2 |  2.9
Dodging        | |  1.7
Stealth        | |  1.7
Spellcasting   | |  3.8
Summonings     | |  1.0
Translocations | |  0.8

Action                   |  1- 3 |  4- 6 || total
-------------------------+-------+-------++-------
Melee: Club              |    13 |       ||    13
       Unarmed           |     4 |       ||     4
       Short sword       |    21 |       ||    21
 Cast: Magic Dart        |    91 |     1 ||    92
       Mephitic Cloud    |     1 |       ||     1
  Use: Scroll            |     4 |       ||     4
 Stab: Confused          |     2 |       ||     2
  Eat: Chunk             |     4 |       ||     4
Armor: Robe              |     3 |       ||     3
Dodge: Dodged            |    29 |       ||    29
